 Dungeon Crawl Stone Soup version 0.25-a0-860-gf695395b5c (webtiles) character file.

Game seed: 11640303379709122843, levelgen mode: deterministic

2179 Edwards80 the Basher (level 9, -2/51 HPs)
             Began as a Gargoyle Fighter on Apr 28, 2020.
             Was a Follower of Makhleb.
             Slain by Harold
             ... wielding a +2 war axe of flaming
              (10 damage)
             ... on level 8 of the Dungeon.
             The game lasted 00:19:57 (6523 turns).

Edwards80 the Basher (Gargoyle Fighter)             Turns: 6523, Time: 00:19:58

Health: -2/51      AC: 17    Str: 23    XL:     9   Next: 33%
Magic:  9/9        EV:  4    Int:  9    God:    Makhleb [*.....]
Gold:   406        SH:  9    Dex:  9    Spells: 8/8 levels left

rFire    + + .     SeeInvis .   a - +1 flail
rCold    + . .     Gourm    .   c - +0 kite shield
rNeg     + . .     Faith    .   j - +0 plate armour
rPois    ∞         Spirit   .   (no helmet)
rElec    +         Reflect  .   A - scarf {rC+ rF+}
rCorr    .         Harm     .   (no gloves)
MR       .....                  (no boots)
Stlth    ..........             (no amulet)
HPRegen  0.17/turn              h - ring of protection from fire
MPRegen  0.11/turn              r - ring of flight

@: marked, mesmerised
A: negative energy resistance 1, electricity resistance, unbreathing,
petrification resistance, rot immunity, AC +6
a: Renounce Religion, Evoke Flight


You were on level 8 of the Dungeon.
You worshipped Makhleb.
Makhleb was aware of your devotion.
You were not hungry.

You visited 2 branches of the dungeon, and saw 9 of its levels.

You collected 406 gold pieces.

Inventory:

Hand Weapons
 a - a +1 flail (weapon)
Armour
 c - a +0 kite shield (worn)
 j - a +0 plate armour (worn)
 A - a scarf of resistance (worn)
Jewellery
 h - a ring of protection from fire (left hand)
 r - a ring of flight (right hand)
Wands
 k - a wand of iceblast (16)
 t - a wand of flame (10)
 v - a wand of scattershot (5)
 x - a wand of acid (7)
Scrolls
 l - 2 scrolls of identify
 o - 2 scrolls of remove curse
 p - 2 scrolls of enchant weapon
 q - 3 scrolls of blinking
 s - 3 scrolls of teleportation {unknown}
 w - a scroll of amnesia {unknown}
 y - a scroll of fear
Potions
 b - a potion of mutation {unknown}
 d - a potion of might
 e - a potion of ambrosia {unknown}
 g - 3 potions of flight {unknown}
 i - a potion of brilliance {unknown}
 m - 4 potions of heal wounds {unknown}
 n - 2 potions of invisibility {unknown}
 u - a potion of curing {unknown}
Comestibles
 f - 6 rations


   Skills:
 - Level 3.2 Fighting
 * Level 12.0 Maces & Flails
 - Level 3.2 Armour
 - Level 3.2 Shields


You had 8 spell levels left.
You didn't know any spells.
Your spell library contained the following spells:

 Spells                   Type           Power        Failure   Level  Hunger
 Summon Small Mammal      Summ           #...         100%        1    ##.....
 Call Imp                 Summ           #.......     100%        2    ###....
 Call Canine Familiar     Summ           #.......     100%        3    ####...
 Summon Guardian Golem    Hex/Summ       #.......     100%        3    ####...
 Summon Ice Beast         Ice/Summ       #.......     100%        4    #####..
 Summon Lightning Spire   Summ/Air       #.......     100%        4    #####..


Dungeon Overview and Level Annotations

Branches:
Dungeon (8/15)             Temple (1/1) D:5
   Lair: D:8-11

Altars:
Ashenzari
Dithmenos
Fedhas
Hepliaklqana
Kikubaaqudgha
Makhleb
Nemelex Xobeh
Okawaru
Qazlal
Sif Muna
Vehumet
Wu Jian
Xom
Yredelemnul
Zin
The Shining One

Annotations:
D:8 Harold, Maggie


Innate Abilities, Weirdness & Mutations

You are resistant to torment.
Your stone body is resilient. (AC +6)
You are immune to poison.
You resist negative energy. (rN+)
You are resistant to electric shocks. (rElec)
You can survive without breathing.
You are immune to petrification.
You are immune to rotting.


Message History

You block Harold's attack.
The jelly jiggles.
You barely miss Harold.
Harold is severely wounded.
Harold considers, "I think I'll use your bounty to get a house by the lake..."
You block Harold's attack.
Your shield and plate armour prevent you from hitting Harold.
Harold is severely wounded.
You block Harold's attack.
You hit Harold.
Harold is severely wounded.
You barely miss Harold.
Harold is severely wounded.
Harold hits you but does no damage.
You barely miss Harold.
Harold is severely wounded.
Maggie mumbles some strange words.
Maggie draws you further into her thrall.
Harold hits you with a +2 war axe of flaming!
You die... .... ... ... #lJ

#O#
#@#
#@#
#@#
#.#
#.#
#.#
#<#
###


You could see Harold, Maggie, a two-headed ogre, an iguana and a jelly.

Vanquished Creatures
  An orc warrior (D:7)
  An ice beast (D:7)
  A black bear (D:7)
  A sky beast (D:6)
  An ogre (D:4)
  2 centaurs
  2 bullfrogs (D:6)
  A gnoll sergeant (D:7)
  A scorpion (D:7)
  A water moccasin skeleton (D:7)
  5 wights (D:6)
  A howler monkey (D:6)
  3 crimson imps
  A bullfrog zombie (D:7)
  A jelly (D:5)
  A quasit (D:4)
  8 hounds
  A centaur skeleton (D:4)
  4 orc wizards
  2 iguanas
  4 worker ants
  A hound skeleton (D:4)
  7 gnolls
  9 adders
  A shadow imp (D:4)
  An ooze (D:2)
  An adder zombie (D:7)
  3 worms
  2 dart slugs (D:1)
  5 leopard geckos
  21 orcs
  2 ball pythons
  3 giant cockroaches
  12 goblins
  5 hobgoblins
  17 jackals
  9 kobolds
  2 quokkas
  7 bats
  2 frilled lizards
  A quokka zombie (D:6)
  8 rats
162 creatures vanquished.

Notes
Turn   | Place    | Note
-------+----------+-------------------------------------------
     0 | D:1      | Edwards80 the Gargoyle Fighter began the quest for the Orb.
     0 | D:1      | Reached XP level 1. HP: 14/14 MP: 1/1
   145 | D:1      | Reached XP level 2. HP: 19/19 MP: 2/2
   200 | D:1      | Reached skill level 3 in Maces & Flails
   380 | D:1      | Reached XP level 3. HP: 23/23 MP: 3/3
  1125 | D:2      | Reached skill level 4 in Maces & Flails
  1204 | D:2      | Reached XP level 4. HP: 25/28 MP: 4/4
  1928 | D:3      | Reached skill level 5 in Maces & Flails
  1928 | D:3      | Reached XP level 5. HP: 14/32 MP: 5/5
  2557 | D:4      | Found an ancient bone altar of Kikubaaqudgha.
  2558 | D:4      | Noticed a centaur
  2570 | D:4      | Killed a centaur
  2570 | D:4      | Reached skill level 6 in Maces & Flails
  2570 | D:4      | Reached XP level 6. HP: 14/37 MP: 6/6
  2952 | D:4      | Reached skill level 7 in Maces & Flails
  2984 | D:4      | Found a sparkling altar of Nemelex Xobeh.
  3011 | D:4      | Reached XP level 7. HP: 36/41 MP: 7/7
  3344 | D:4      | Reached skill level 8 in Maces & Flails
  3417 | D:4      | Found a blossoming altar of Fedhas.
  3417 | D:4      | Found a hazy altar of Hepliaklqana.
  3423 | D:4      | Found a shadowy altar of Dithmenos.
  3428 | D:4      | Found a faded altar of an unknown god.
  3429 | D:4      | Found a shattered altar of Ashenzari.
  3727 | D:5      | Entered Level 5 of the Dungeon
  3970 | D:5      | Found a blossoming altar of Fedhas.
  3972 | D:5      | Reached skill level 9 in Maces & Flails
  3972 | D:5      | Reached XP level 8. HP: 45/46 MP: 8/8
  4007 | D:5      | Found a staircase to the Ecumenical Temple.
  4030 | Temple   | Entered the Ecumenical Temple
  4050 | Temple   | Became a worshipper of Makhleb the Destroyer
  4734 | D:6      | Reached skill level 10 in Maces & Flails
  5052 | D:6      | Reached * piety under Makhleb
  5648 | D:7      | Reached skill level 11 in Maces & Flails
  5648 | D:7      | Reached XP level 9. HP: 51/51 MP: 9/9
  6043 | D:7      | Reached skill level 12 in Maces & Flails
  6491 | D:8      | Noticed Maggie
  6495 | D:8      | Noticed a two-headed ogre
  6495 | D:8      | Noticed Harold
  6523 | D:8      | Slain by Harold

Levels and vault maps discovered:
D:1:      dpeg_arrival_rooms_a, layout_basic
D:2:      layout_loops_ring, chequers_serial_rivers_micro_b
D:3:      layout_rooms, minmay_misc_feat_ornament, kennysheep_generic_room_3
D:4:      layout_cave_pools, nicolae_overflow_crystal_walls,
          kiku_gazebo_pond_becter, chequers_temple_overflow_minitemple,
          first_ration
D:5:      layout_cave_pools, minmay_temple_entry_ruins, fedhas_ov_isle_minmay
D:6:      layout_cave_pods, minmay_misc_feat_tower
D:7:      layout_basic
D:8:      layout_basic, serial_shops, shop, uniq_maggie, uniq_harold
Temple:   eino_temple_rhombus

Skill      XL: |  1  2  3  4  5  6  7  8  9 |
---------------+----------------------------+-----
Maces & Flails | 3 4 5 6 7 9 11 12 | 12.0
Fighting       | |  3.2
Armour         | |  3.2
Shields        | |  3.2

Action                   |  1- 3 |  4- 6 |  7- 9 || total
-------------------------+-------+-------+-------++-------
Melee: Flail             |   163 |   282 |   446 ||   891
Evoke: Wand              |       |     1 |     4 ||     5
  Use: Scroll            |     1 |     8 |     1 ||    10
  Eat: Ration            |     1 |     2 |     1 ||     4
       Chunk             |       |       |     6 ||     6
Armor: Scale mail        |    75 |       |       ||    75
       Plate armour      |    48 |   276 |   301 ||   625
Dodge: Dodged            |    49 |    63 |    56 ||   168
Block: Kite shield       |   111 |   191 |   208 ||   510

Table legend:
 A = Non-vault XP
 B = Vault XP
 C = Vault XP percentage of total XP
 D = Non-vault monster count
 E = Vault monster count
 F = Vault count percentage of total count
                 A         B        C        D         E       F
            +---------+---------+-------+---------+---------+-------
      Total |    3112 |       1 |   0.0 |     161 |       1 |   0.6
            +---------+---------+-------+---------+---------+-------
        D:1 |      56 |       0 |   0.0 |      30 |       0 |   0.0
        D:2 |      62 |       0 |   0.0 |      19 |       0 |   0.0
        D:3 |      90 |       1 |   1.1 |      27 |       1 |   3.6
        D:4 |     791 |       0 |   0.0 |      29 |       0 |   0.0
        D:5 |     245 |       0 |   0.0 |      10 |       0 |   0.0
        D:6 |    1011 |       0 |   0.0 |      26 |       0 |   0.0
        D:7 |     857 |       0 |   0.0 |      20 |       0 |   0.0
            +---------+---------+-------+---------+---------+-------
